 Dungeon Crawl Stone Soup version 0.32-a0-132-g2d33c3cfaf (webtiles) character file.

Game seed: 12557333061684639878

739 hipposaver the Ducker (level 8, -7/58 HPs)
             Began as a Djinni Conjurer on Feb 10, 2024.
             Was an Initiate of Gozag.
             Mangled by Duvessa
             ... wielding a +0 short sword
              (14 damage)
             ... on level 4 of the Dungeon.
             The game lasted 00:10:30 (3601 turns).

hipposaver the Ducker (Djinni Conjurer)             Turns: 3601, Time: 00:10:30

Health: -7/58      AC:  5    Str:  6    XL:     8   Next: 4%
Gold:   149        EV: 13    Int: 21    God:    Gozag SH:  0 Dex: 13

rFire   + + .        (no weapon)
rCold   x . .        (no shield)
rNeg    . . .        a - +0 robe
rPois   ∞            (no helmet)
rElec   .            (no cloak)
rCorr   .            k - +2 pair of gloves
SInv    .            (boots unavailable)
Will    .....        e - amulet of regeneration
Stlth   ++           (no ring)
HPRegen 1.09/turn    (no ring)
MPRegen 0.00/turn

%: infuse magic (-8 HP)
@: flying, very slightly contaminated
A: sickness immunity, fire resistance 2, cold vulnerability 1, float, innate
caster, HP casting, extra vitality 1
a: Renounce Religion, Potion Petition, Call Merchant, Bribe Branch


You were on level 4 of the Dungeon.
You worshipped Gozag.
Gozag was aware of your devotion.
You visited 1 branch of the dungeon, and saw 4 of its levels.

You collected 194 gold pieces.
You paid 45 gold pieces to Gozag.

Inventory:

Armour
 a - a +0 robe (worn)
 j - a +1 pair of gloves
 k - a +2 pair of gloves (worn)
Jewellery
 e - an amulet of regeneration (around neck)
Wands
 g - a wand of mindburst (5)
 o - a wand of flame (16)
Scrolls
 i - a scroll of identify
 l - a scroll of amnesia {unknown}
 n - a scroll of immolation {unknown}
Potions
 b - a potion of degeneration
 c - a potion of resistance
 d - a potion of enlightenment
 f - 3 potions of heal wounds
 h - a potion of curing {unknown}
 m - a potion of berserk rage {unknown}


   Skills:
 + Level 3.9 Fighting
 + Level 3.9 Armour
 + Level 5.0 Dodging
 - Level 1.5 Stealth
 + Level 4.7 Spellcasting
 + Level 4.7 Conjurations
 + Level 4.7 Hexes
 + Level 4.7 Summonings
 + Level 4.7 Necromancy
 + Level 4.7 Translocations
 + Level 4.7 Fire Magic
 + Level 4.7 Ice Magic
 + Level 4.7 Air Magic
 + Level 4.7 Earth Magic
 + Level 4.7 Alchemy


You knew the following spells:

 Your Spells              Type           Power      Damage    Failure   Level
a - Magic Dart            Conj           96%        1d7       1%          1
b - Searing Ray           Conj           48%        2d6       2%          2
c - Fulminant Prism       Conj/Alch      12%        3d9       16%         4
d - Iskenderun's Mystic   Conj/Tloc      24%        2d7       16%         4
e - Summon Small Mammal   Summ           96%        N/A       1%          1
f - Ensorcelled Hibernat  Hex/Ice        48%        N/A       2%          2
g - Gell's Gravitas       Tloc           24%        N/A       4%          3
Your spell library was empty.

Dungeon Overview and Level Annotations

Branches:
Dungeon (4/15)
 Temple: D:4-7

Altars:
Elyvilon
Gozag
Wu Jian

Annotations:
D:4 Duvessa


Innate Abilities, Weirdness & Mutations

You are immune to sickness and miasma.
You are immune to poison.
Your flesh is very heat resistant. (rF++)
You are vulnerable to cold. (rC-)
You float through the air rather than walking.
You learn spells naturally, not from books.
Your magical power is your life essence.
You have superior vitality. (+4 MHP)


Message History

Duvessa is lightly wounded.
Duvessa hits you with a +0 short sword! x2
Unknown command.
The searing ray misses Duvessa.
Duvessa closely misses you.
The searing ray hits Duvessa.
Duvessa is lightly wounded.
You finish channelling your searing ray.
Duvessa barely misses you. Duvessa completely misses you.
Duvessa hits you but does no damage.
Unknown command.
Okay, then.
Okay, then.
Casting: Searing Ray (safe; 2% risk of failure)
Confirm with . or Enter, or press ? or * to list all spells.
Aiming: Gell's Gravitas (dangerous; 4% risk of failure)
Press: ? - help, Dir - move target, p - Duvessa Gravity reorients around empty space.
Duvessa completely misses you.
Unknown command.
Unknown command.
Unknown command.
Casting: Gell's Gravitas (dangerous; 4% risk of failure)
Confirm with . or Enter, or press ? or * to list all spells.
Aiming: Gell's Gravitas (dangerous; 4% risk of failure)
Press: ? - help, Dir - move target You miscast Gell's Gravitas.
You are very lightly contaminated with residual magic.
Nothing appears to happen.
Duvessa hits you with a +0 short sword!
Unknown command.
Casting: Gell's Gravitas (dangerous; 4% risk of failure)
Confirm with . or Enter, or press ? or * to list all spells.
Aiming: Gell's Gravitas (dangerous; 4% risk of failure)
Press: ? - help, Dir - move target Gravity reorients around empty space.
Duvessa hits you with a +0 short sword!
* * * LOW HITPOINT WARNING * * *
Duvessa hits you with a +0 short sword.
* * * LOW HITPOINT WARNING * * *
Duvessa attacks as she pursues you! Duvessa closely misses you.
Duvessa hits you with a +0 short sword!
You die...
Your body crumbles into a pile of gold.

.#.#.........<##...............#
.#.#.########.:'...............#
.#.#.# #.##...............##
.#.#.# #.##.......###'#.....
.#.#.# #.######'#####.######
.#.#.# #.######.....#.# #.
.#+#'###### #..............# #.
.)........#######.........######.
..........+.....@.........'......
..........#######e........#####.#
..........# #..........## #.#
..........# #...........###.#
..........# #.........#.#...#
.#'##############.........#.#.###
.#.# #..$...............>.# .#.#
#.#################### ##.# #.
#####


You could see Duvessa (berserk).

Vanquished Creatures
  Menkaure (D:4)
  3 scorpions (D:4)
  Dowan (D:4)
  An orc priest (D:3)
  Ijyb (D:4)
  An iguana (D:4)
  6 adders
  3 ribbon worms
  8 orcs
  8 endoplasms
  4 giant cockroaches
  2 hobgoblins
  6 jackals (D:1)
  5 kobolds
  A quokka (D:1)
  4 ball pythons
  4 frilled lizards
  5 goblins
  5 rats
69 creatures vanquished.

Vanquished Creatures (collateral kills)
  Grinder (D:4)
1 creature vanquished.

Grand Total: 70 creatures vanquished

Notes
Turn   | Place    | Note
-------+----------+-------------------------------------------
     0 | D:1      | hipposaver the Djinni Conjurer began the quest for the Orb.
     0 | D:1      | hipposaver set off with the following spells memorised:
                  | Magic Dart, Searing Ray, Fulminant Prism, Iskenderun's
                  | Mystic Blast.
     0 | D:1      | Reached XP level 1. HP: 15/15 MP: 0/0
   215 | D:1      | Reached XP level 2. HP: 20/21 MP: 0/0
   521 | D:1      | Reached XP level 3. HP: 21/26 MP: 0/0
   521 | D:1      | Learned a level 1 spell: Summon Small Mammal
   786 | D:1      | Reached skill level 1 in Fighting
   786 | D:1      | Reached skill level 1 in Armour
   958 | D:2      | Found a faded altar of an unknown god.
  1066 | D:2      | Reached XP level 4. HP: 27/32 MP: 0/0
  1269 | D:2      | Reached skill level 3 in Dodging
  1877 | D:3      | Reached XP level 5. HP: 4/38 MP: 0/0
  1877 | D:3      | Learned a level 2 spell: Ensorcelled Hibernation
  2200 | D:3      | Found an ornate altar of the Wu Jian Council.
  2501 | D:4      | Reached XP level 6. HP: 41/45 MP: 0/0
  2762 | D:4      | Noticed Menkaure
  2977 | D:4      | Killed Menkaure
  2978 | D:4      | Reached skill level 4 in Dodging
  2978 | D:4      | Reached XP level 7. HP: 9/50 MP: 0/0
  2978 | D:4      | Learned a level 3 spell: Gell's Gravitas
  3173 | D:4      | Noticed Ijyb
  3189 | D:4      | Killed Ijyb
  3202 | D:4      | Found an opulent altar of Gozag.
  3207 | D:4      | Became a worshipper of Gozag Ym Sagoz the Greedy
  3243 | D:4      | Found a white marble altar of Elyvilon.
  3352 | D:4      | Noticed Grinder
  3357 | D:4      | Paralysed by Grinder for 2 turns
  3367 | D:4      | Killed Grinder
  3501 | D:4      | Noticed Duvessa
  3501 | D:4      | Noticed Dowan
  3511 | D:4      | Killed Dowan
  3512 | D:4      | Reached skill level 5 in Dodging
  3512 | D:4      | Reached XP level 8. HP: 58/58 MP: 0/0
  3601 | D:4      | Mangled by Duvessa

Illustrated notes

Levels and vault maps discovered:
D:1:      wander_arrival_chamber, layout_loops_corners
D:2:      layout_rooms, nicolae_ecumenical_pavilion
D:3:      layout_rooms, nzn_wu_jian_contemplation,
          nicolae_concentric_dashed_squares_wild
D:4:      layout_basic, mainiacjoe_overflow_two_lobes, uniq_menkaure,
          uniq_grinder, uniq_ijyb, uniq_duvessa

Skill      XL: |  1  2  3  4  5  6  7 |
---------------+----------------------+-----
Fighting       | 1 2 3 |  3.9
Armour         | 1 2 3 |  3.9
Dodging        | 3 4 5 |  5.0
Spellcasting   | 4 |  4.7
Conjurations   | 4 |  4.7
Hexes          | 4 |  4.7
Summonings     | 4 |  4.7
Necromancy     | 4 |  4.7
Translocations | 4 |  4.7
Fire Magic     | 4 |  4.7
Ice Magic      | 4 |  4.7
Air Magic      | 4 |  4.7
Earth Magic    | 4 |  4.7
Alchemy        | 4 |  4.7
Stealth        | |  1.5

Action                     |  1- 3 |  4- 6 |  7- 9 || total
---------------------------+-------+-------+-------++-------
   Cast: Magic Dart        |    46 |    19 |     2 ||    67
         Searing Ray       |     4 |    23 |    18 ||    45
         Summon Small Mamm |     1 |       |     3 ||     4
         Gell's Gravitas   |       |       |     2 ||     2
    Use: Scroll            |     1 |     7 |       ||     8
         Potion            |       |     1 |       ||     1
 Armour: Robe              |     1 |     9 |    17 ||    27
  Dodge: Dodged            |     5 |    15 |    18 ||    38

Table legend: (Time is in decaauts)
 A = Elapsed time spent in this place.
 B = Non-inter-level travel time spent in this place.
 C = Inter-level travel time spent in this place.
 D = Time resting spent in this place.
 E = Time spent auto-exploring this place.
 F = Levels seen in this place.
 G = Mean time per level.
                   A        B        C        D        E       F      G
               +--------+--------+--------+--------+--------+-----+--------+
         Total |   3602 |   3548 |     54 |    820 |   2220 |   4 |  900.5 |
       Dungeon |   3602 |   3548 |     54 |    820 |   2220 |   4 |  900.5 |
               +--------+--------+--------+--------+--------+-----+--------+

Top non-repeatable levels by time:
     D:4: 1128 daAuts
     D:1: 958 daAuts
     D:3: 921 daAuts
     D:2: 594 daAuts
